 Dungeon Crawl Stone Soup version 0.27-a0-883-g39567a0c06 (webtiles) character file.

Game seed: 14354454372115024172

172 HELP the Cudgeller (level 5, -7/34 HPs)
             Began as a Gargoyle Fighter on Apr 3, 2021.
             Mangled by a gnoll
             ... wielding a +0 halberd
              (10 damage)
             ... on level 3 of the Dungeon.
             The game lasted 00:09:40 (2892 turns).

HELP the Cudgeller (Gargoyle Fighter)               Turns: 2892, Time: 00:09:40

Health: -7/34      AC: 10    Str: 20    XL:     5   Next: 53%
Magic:  5/5        EV:  7    Int:  9    God:
Gold:   69         SH:  9    Dex:  9    Spells: 4/4 levels left

rFire    . . .     SeeInvis .   a - +0 flail
rCold    . . .     Faith    .   c - +0 kite shield
rNeg     + . .     Spirit   .   b - +0 scale mail
rPois    ∞         Reflect  .   n - +0 hat
rElec    +         Harm     .   (no cloak)
rCorr    .         Rampage  .   (no gloves)
Will     .....                  (no boots)
Stlth    ..........             (no amulet)
HPRegen  0.11/turn              (no ring)
MPRegen  0.09/turn              (no ring)

@: no status effects
A: AC +4, negative energy resistance 1, electricity resistance, torment
resistance 1, unbreathing 1, petrification resistance
a: no special abilities


You were on level 3 of the Dungeon.
You visited 1 branch of the dungeon, and saw 3 of its levels.

You collected 69 gold pieces.

Inventory:

Hand Weapons
 a - a +0 flail (weapon)
Missiles
 e - 45 arrows
Armour
 b - a +0 scale mail (worn)
 c - a +0 kite shield (worn)
 n - a +0 hat (worn)
Jewellery
 p - an amulet of reflection
 q - an amulet of regeneration
Scrolls
 g - a scroll of amnesia {unknown}
 h - a scroll of blinking {unknown}
 i - a scroll of identify {unknown}
 k - a scroll of teleportation {unknown}
Potions
 d - a potion of might
 f - a potion of curing {unknown}
 j - a potion of heal wounds {unknown}
 l - a potion of haste {unknown}
 m - a potion of flight {unknown}
 o - a potion of attraction {unknown}


   Skills:
 + Level 4.5 Fighting
 * Level 4.6 Maces & Flails
 + Level 3.4 Armour
 - Level 3.2 Shields


You had 4 spell levels left.
You didn't know any spells.
Your spell library contained the following spells:

 Spells                   Type           Power      Damage    Failure   Level
 Confusing Touch          Hex            0%         N/A       100%        3
 Gell's Gravitas          Tloc           0%         N/A       100%        3
 Petrify                  Tmut/Erth      0%         N/A       100%        4
 Metabolic Englaciation   Hex/Ice        0%         N/A       100%        5
 Yara's Violent Unravell  Hex/Tmut       0%         3d3       100%        5


Dungeon Overview and Level Annotations

Branches:
Dungeon (3/15)

Altars:
Kikubaaqudgha

Shops:
D:1 (


Innate Abilities, Weirdness & Mutations

Your stone body is resilient. (AC +4)
You are immune to poison.
You resist negative energy. (rN+)
You are resistant to electric shocks. (rElec)
You are resistant to unholy torment.
You can survive without breathing.
You are immune to petrification.


Message History

a +0 spear; 13 stones The gnoll hits you but does no damage.
You completely miss the gnoll. The gnoll hits you with a +0 club.
You sock the gnoll!
The gnoll is almost dead.
The gnoll hits you but does no damage. The gnoll hits you with a +0 club.
You barely miss the gnoll.
The gnoll is almost dead.
A gnoll comes into view. It is wielding a +0 halberd.
The gnoll completely misses you.
Your shield prevents you from hitting the gnoll.
The gnoll is almost dead.
You block the gnoll's attack.
The gnoll hits you from afar with a +0 halberd.
The gnoll hits you with a +0 club.
You barely miss the gnoll.
The gnoll is almost dead.
The gnoll hits you but does no damage. x3
You barely miss the gnoll.
The gnoll is almost dead.
You block the gnoll's attack. The gnoll closely misses you.
You closely miss the gnoll.
The gnoll is almost dead.
You block the gnoll's attack. x2; The gnoll hits you with a +0 club.
You closely miss the gnoll.
The gnoll is almost dead.
The gnoll hits you from afar with a +0 halberd!
* * * LOW HITPOINT WARNING * * *
The gnoll hits you with a +0 club.
* * * LOW HITPOINT WARNING * * *
The gnoll hits you from afar with a +0 halberd.
* * * LOW HITPOINT WARNING * * *
Things that are here:
a +0 spear; 13 stones
There is a stone staircase leading up here.
There is a stone staircase leading up here.
The gnoll hits you with a +0 club.
* * * LOW HITPOINT WARNING * * *
The gnoll hits you from afar with a +0 halberd!
You die...

#.#.###.
###########.#.##..
#.....).....#.##..
#.<#.########.##..
#..#.#### #.##..
#..#....## #.g...
########g.#.##..#
####..
........g.#.###.#
#.. ########@##.#
#.# #.. #.##.# #.#
... ..##.###.###
... #.###.#≈...≈#
... #. #.#≈...≈# #
.. #. #.#≈...≈#
#... #. #.#≈...≈#
.... #. ###≈...≈#
#... #≈...≈# ####


You could see 2 gnolls.

Vanquished Creatures
  A wyvern skeleton (D:3)
  A killer bee zombie (D:3)
  2 gnolls (D:3)
  5 worms (D:2)
  A dart slug (D:1)
  6 ball pythons
  2 bats (D:2)
  2 bat zombies (D:3)
  3 endoplasms
  4 giant cockroaches
  9 hobgoblins
  7 jackals
  2 quokkas
  A frilled lizard (D:3)
  3 goblins
  6 kobolds
  4 rats
  3 rat zombies (D:3)
62 creatures vanquished.

Notes
Turn   | Place    | Note
-------+----------+-------------------------------------------
     0 | D:1      | HELP the Gargoyle Fighter began the quest for the Orb.
     0 | D:1      | Reached XP level 1. HP: 14/14 MP: 1/1
   245 | D:1      | Reached XP level 2. HP: 19/19 MP: 2/2
   272 | D:1      | Found Totoud's Weapon Shoppe.
   634 | D:1      | Reached XP level 3. HP: 24/24 MP: 3/3
  1414 | D:2      | Reached XP level 4. HP: 29/29 MP: 4/4
  2055 | D:3      | Found an ancient bone altar of Kikubaaqudgha.
  2548 | D:3      | Reached XP level 5. HP: 15/34 MP: 5/5
  2892 | D:3      | Mangled by a gnoll

Illustrated notes

Levels and vault maps discovered:
D:1:      minmay_arrival_nine_rooms, layout_basic, serial_shops, shop,
          hangedman_abyss_or_decor_lesser_grid
D:2:      minmay_spotlight, layout_basic, kennysheep_cluttered_room
D:3:      layout_loops_ring, lemuel_zombie_altar_kikubaaqudgha,
          gammafunk_ghost_smash, uniq_grinder

Skill      XL: |  1  2  3  4 |
---------------+-------------+-----
Maces & Flails | 3 4 |  4.6
Fighting       | 4 |  4.5
Armour         | |  3.4
Shields        | |  3.2

Action                   |  1- 3 |  4- 6 || total
-------------------------+-------+-------++-------
Melee: Flail             |   120 |    98 ||   218
Armor: Scale mail        |    50 |    79 ||   129
Dodge: Dodged            |    44 |    43 ||    87
Block: Kite shield       |    76 |    79 ||   155

Table legend: (Time is in decaauts)
 A = Elapsed time spent in this place.
 B = Non-inter-level travel time spent in this place.
 C = Inter-level travel time spent in this place.
 D = Time resting spent in this place.
 E = Time spent auto-exploring this place.
 F = Levels seen in this place.
 G = Mean time per level.
                   A        B        C        D        E       F      G
               +--------+--------+--------+--------+--------+-----+--------+
         Total |   2998 |   2888 |    110 |    301 |   1849 |   3 |  999.3 |
       Dungeon |   2998 |   2888 |    110 |    301 |   1849 |   3 |  999.3 |
               +--------+--------+--------+--------+--------+-----+--------+

Top non-repeatable levels by time:
     D:2: 1520 daAuts
     D:1: 861 daAuts
     D:3: 616 daAuts
